 Dungeon Crawl Stone Soup version 0.27-a0-1158-gaa87e14f67 (webtiles) character file.

Game seed: 512973869624357286

114 1player the Gusty (level 4, 0/24 HPs)
             Began as a Tengu Air Elementalist on May 15, 2021.
             Slain by an ogre
             ... wielding a +0 giant club
              (22 damage)
             ... on level 4 of the Dungeon.
             The game lasted 00:09:44 (4377 turns).

1player the Gusty (Tengu Air Elementalist)          Turns: 4377, Time: 00:09:45

Health: 0/24       AC: 10    Str:  8    XL:     4   Next: 97%
Magic:  5/8        EV: 10    Int: 16    God:
Gold:   198        SH:  5    Dex: 15    Spells: 4/7 levels left

rFire    . . .     SeeInvis .   d - +0 spear
rCold    . . .     Faith    .   (no shield)
rNeg     + . .     Spirit   .   b - +1 ring mail {rN+}
rPois    .         Reflect  +   (helmet restricted)
rElec    .         Harm     .   s - +2 cloak {Stlth+}
rCorr    .         Rampage  .   f - +0 pair of gloves
Will     .....                  (boots unavailable)
Stlth    ++........             j - amulet of reflection
HPRegen  0.08/turn              (no ring)
MPRegen  0.11/turn              (no ring)

@: very slightly contaminated
A: beak, talons 3
a: no special abilities


You were on level 4 of the Dungeon.
You visited 1 branch of the dungeon, and saw 4 of its levels.

You collected 198 gold pieces.

Inventory:

Hand Weapons
 d - a +0 spear (weapon)
Missiles
 c - an atropa-tipped dart
 q - 10 poisoned darts
Armour
 a - a +0 robe
 b - a +1 ring mail of positive energy (worn)
 f - a +0 pair of gloves (worn)
 s - a +2 cloak of stealth (worn)
Jewellery
 j - an amulet of reflection (around neck)
Scrolls
 e - 2 scrolls of magic mapping
 g - a scroll of noise {unknown}
 h - a scroll of identify {unknown}
 i - a scroll of torment {unknown}
 m - a scroll of teleportation {unknown}
 o - a scroll of enchant weapon {unknown}
 p - a scroll of fear {unknown}
Potions
 k - a potion of cancellation {unknown}
 l - 2 potions of curing {unknown}
 n - a potion of haste {unknown}
 r - a potion of attraction {unknown}


   Skills:
 - Level 2.0 Armour
 - Level 2.1 Dodging
 - Level 2.0 Stealth
 - Level 2.0 Spellcasting
 + Level 4.7 Conjurations
 * Level 4.8 Air Magic


You had 4 spell levels left.
You knew the following spells:

 Your Spells              Type           Power      Damage    Failure   Level
q - Shock                 Conj/Air       64%        1d7       9%          1
z - Static Discharge      Conj/Air       16%        N/A       13%         2

Your spell library contained the following spells:

 Spells                   Type           Power      Damage    Failure   Level
 Swiftness                Air            17%        N/A       26%         3
 Airstrike                Air            8%         N/A       65%         4
 Lightning Bolt           Conj/Air       8%         1d20      94%         5


Dungeon Overview and Level Annotations

Branches:
Dungeon (4/15)
 Temple: D:4-7

Altars:
Wu Jian
Yredelemnul

Shops:
D:2 [[(

Annotations:
D:4 Edmund


Innate Abilities, Weirdness & Mutations

You have a beak for a mouth.
You have claws for feet.


Message History

Aim: an ogre, wielding a +0 giant club (wandering, hasn't noticed you, 73% to hit)
You throw a poisoned dart.
The poisoned dart barely misses the ogre.
The ogre shouts!
Throw: 14 darts (poison)
Press: ? - help, Shift-Dir - straight line, f/p - ogre
Aim: an ogre, wielding a +0 giant club (73% to hit)
You throw a poisoned dart. The poisoned dart hits the ogre.
The ogre is poisoned.
Throw: 13 darts (poison)
Press: ? - help, Shift-Dir - straight line, f/p - ogre
Aim: an ogre, wielding a +0 giant club (lightly wounded, poisoned, 73% to hit)
You throw a poisoned dart. The poisoned dart hits the ogre.
The ogre is lightly wounded.
Throw: 12 darts (poison)
Press: ? - help, Shift-Dir - straight line, f/p - ogre
Aim: an ogre, wielding a +0 giant club (lightly wounded, poisoned, 73% to hit)
You throw a poisoned dart. The poisoned dart hits the ogre.
The ogre is lightly wounded.
Throw: 11 darts (poison)
Press: ? - help, Shift-Dir - straight line, f/p - ogre
Aim: an ogre, wielding a +0 giant club (lightly wounded, poisoned, 73% to hit)
You throw a poisoned dart. The poisoned dart hits the ogre.
The ogre is lightly wounded.
Casting: Shock (safe; 9% risk of failure)
Confirm with . or Enter, or press ? or * to list all spells.
Aiming: Shock (safe; 9% risk of failure)
Press: ? - help, Shift-Dir - straight line, f/p - ogre
Aim: an ogre, wielding a +0 giant club (lightly wounded, poisoned, 86% to hit)
You miscast Shock.
You are very lightly contaminated with residual magic.
Nothing appears to happen.
Casting: Shock (safe; 9% risk of failure)
Confirm with . or Enter, or press ? or * to list all spells.
The ogre is struck by an arc of lightning!
The ogre is heavily wounded.
You are struck by an arc of lightning.
The lightning grounds out.
The ogre hits you with a +0 giant club!!
Ouch! That really hurt!
You die...

...#######.##.##........§
.................<..#.#..
##########.##.†###### ..
#.....# .. # ####..##.#
#...#.# ##..#.# #..#.#
#..@.# ##.O.# #...# ##†.#
#(.# #(.. #..## ##(.


You could see an ogre (poisoned).

Vanquished Creatures
  A hound (D:4)
  2 adders
  5 worms
  A dart slug (D:1)
  3 orcs (D:3)
  4 bats
  5 endoplasms
  6 hobgoblins
  2 kobolds (D:2)
  6 ball pythons
  2 frilled lizards (D:1)
  5 goblins
  8 rats
50 creatures vanquished.

Vanquished Creatures (others)
  8 plants
8 creatures vanquished.

Grand Total: 58 creatures vanquished

Notes
Turn   | Place    | Note
-------+----------+-------------------------------------------
     0 | D:1      | 1player the Tengu Air Elementalist began the quest for the
                  | Orb.
     0 | D:1      | Reached XP level 1. HP: 10/10 MP: 4/4
   244 | D:1      | Reached XP level 2. HP: 15/15 MP: 3/6
  1278 | D:1      | Found a faded altar of an unknown god.
  1541 | D:2      | Found Sougecatt's Antique Armour Shop.
  1552 | D:2      | Reached XP level 3. HP: 19/19 MP: 1/7
  1606 | D:2      | Learned a level 2 spell: Static Discharge
  1623 | D:2      | Reached skill level 1 in Armour
  2405 | D:2      | Found Nitocic's Weapon Emporium.
  2619 | D:2      | Found Onim Ujy's Armour Emporium.
  2670 | D:3      | Reached XP level 4. HP: 23/24 MP: 1/8
  2737 | D:3      | Found a basalt altar of Yredelemnul.
  3490 | D:3      | Found an ornate altar of the Wu Jian Council.
  3827 | D:4      | Noticed an ogre
  4220 | D:4      | Noticed Edmund
  4377 | D:4      | Slain by an ogre

Illustrated notes

Levels and vault maps discovered:
D:1:      minmay_arrival_up_and_down, layout_basic,
          shapermc_ecumenical_altar_mp_ritualfount, nrook_uturn,
          ebering_dispersal_statue_hall, hangedman_decor_opposing
D:2:      layout_basic, serial_shops, nicolae_shop_statue_plus,
          nicolae_shop_window_shopping, shop, minmay_door_square
D:3:      layout_loops_corners, nicolae_wu_jian_immortal_techniques,
          old_standard_altar
D:4:      layout_basic, nicolae_hepliaklqana_hazy_memory, uniq_edmund,
          uniq_natasha

Skill      XL: |  1  2  3 |
---------------+----------+-----
Conjurations   | 2 3 4 |  4.7
Armour         | 2 |  2.0
Dodging        | |  2.1
Stealth        | |  2.0
Spellcasting   | |  2.0
Air Magic      | |  4.8

Action                   |  1- 3 |  4- 6 || total
-------------------------+-------+-------++-------
Melee: Spear             |    15 |     5 ||    20
       Unarmed           |     3 |       ||     3
       Kick              |     2 |       ||     2
       Peck              |     1 |       ||     1
Throw: Dart              |       |     8 ||     8
 Cast: Shock             |    71 |    37 ||   108
       Static Discharge  |     4 |     2 ||     6
  Use: Scroll            |     1 |       ||     1
Armor: Ring mail         |     9 |     2 ||    11
Dodge: Dodged            |     6 |     3 ||     9
Block: Other             |     2 |     2 ||     4
       Reflection        |       |     1 ||     1

Table legend: (Time is in decaauts)
 A = Elapsed time spent in this place.
 B = Non-inter-level travel time spent in this place.
 C = Inter-level travel time spent in this place.
 D = Time resting spent in this place.
 E = Time spent auto-exploring this place.
 F = Levels seen in this place.
 G = Mean time per level.
                   A        B        C        D        E       F      G
               +--------+--------+--------+--------+--------+-----+--------+
         Total |   4379 |   4180 |    199 |   1131 |   2274 |   4 | 1094.8 |
       Dungeon |   4379 |   4180 |    199 |   1131 |   2274 |   4 | 1094.8 |
               +--------+--------+--------+--------+--------+-----+--------+

Top non-repeatable levels by time:
     D:1: 1336 daAuts
     D:3: 1307 daAuts
     D:2: 1305 daAuts
     D:4: 430 daAuts
